 Dungeon Crawl Stone Soup version 0.31.0-32-g396128a36d (webtiles) character file.

Game seed: 3013235969799916581

1320 PhantomBowie the Cudgeller (level 8, -5/88 (106) HPs)
             Began as a Minotaur Berserker on Apr 25, 2024.
             Was a Priest of Trog.
             Slain by a wight
             ... wielding a +3 trident
              (8 damage)
             ... on level 5 of the Dungeon.
             The game lasted 00:12:40 (5820 turns).

PhantomBowie the Cudgeller (Minotaur Berserker)     Turns: 5820, Time: 00:12:41

HP:   -5/88 (106)   AC:  7    Str: 23    XL:     8   Next: 33%
MP:   7/7           EV:  9    Int:  4    God:    Trog [***...]
Gold: 230           SH: 12    Dex: 11    Spells: 7/7 levels left

rFire   . . .        a - +0 mace
rCold   . . .        h - +0 tower shield
rNeg    . . .        i - +0 scale mail
rPois   .            (helmet restricted)
rElec   .            (no cloak)
rCorr   .            (no gloves)
SInv    .            (no boots)
Will    .....        (no amulet) Stlth
                     r - ring of flight
HPRegen 0.34/turn    (no ring)
MPRegen 0.10/turn

%: no passive effects
@: berserking, flying, heavily drained, very quick
A: horns 2, retaliatory headbutt
a: Renounce Religion, Berserk, Trog's Hand


You were on level 5 of the Dungeon.
You worshipped Trog.
Trog was most pleased with you.
You visited 2 branches of the dungeon, and saw 7 of its levels.

You collected 230 gold pieces.

Inventory:

Hand Weapons
 a - a +0 mace (weapon)
 v - a +0 orcbow
Armour
 h - a +0 tower shield (worn)
 i - a +0 scale mail (worn)
Jewellery
 r - a ring of flight (left hand)
Scrolls
 c - a scroll of vulnerability {unknown}
 d - 6 scrolls of identify {unknown}
 j - a scroll of butterflies {unknown}
 k - 2 scrolls of blinking {unknown}
 l - a scroll of fear {unknown}
 o - a scroll of enchant armour {unknown}
 s - a scroll of revelation {unknown}
 t - a scroll of enchant weapon {unknown}
Potions
 b - 3 potions of degeneration {unknown}
 e - a potion of lignification {unknown}
 f - 2 potions of heal wounds {unknown}
 g - 2 potions of attraction {unknown}
 m - 2 potions of mutation {unknown}
 n - 2 potions of magic {unknown}
 p - a potion of haste {unknown}
 q - a potion of invisibility {unknown}
 u - 2 potions of curing {unknown}
 w - a potion of enlightenment {unknown}


   Skills:
 + Level 6.6 Fighting
 + Level 6.6 Maces & Flails
 - Level 1.0 Ranged Weapons
 + Level 5.9 Armour
 + Level 5.4 Dodging
 + Level 4.7 Shields


You had 7 spell levels left.
You didn't know any spells.
Your spell library was empty.

Dungeon Overview and Level Annotations

Branches:
Dungeon (6/15)             Temple (1/1) D:4

Altars:
Ashenzari
Cheibriados
Dithmenos
Elyvilon
Fedhas
Hepliaklqana
Makhleb
Okawaru
Qazlal
Ru
Sif Muna
Trog
Uskayaw
Vehumet
Wu Jian
Xom
Yredelemnul
Zin
The Shining One
Lugonu

Portals:
Abyss: D:4


Innate Abilities, Weirdness & Mutations

You have a pair of horns on your head.
You reflexively headbutt those who attack you in melee.


Message History

You block the wight's attack. x2
You fly upwards.
There is a stone staircase leading down here.
The wight attacks as it pursues you!
The wight hits you with a +4 battleaxe!!
You feel drained. The wight hits you with a +3 trident.
The wight attacks as it pursues you! The wight hits you with a +4 battleaxe!
You feel drained.
The wight hits you from afar with a +3 trident.
You feel drained. The wight attacks as it pursues you!
The wight barely misses you.
You sock the wight!
The wight is heavily damaged.
The wight hits you with a +4 battleaxe!
* * * LOW HITPOINT WARNING * * *
You feel drained.
* * * LOW HITPOINT WARNING * * *
The wight hits you from afar with a +3 trident.
* * * LOW HITPOINT WARNING * * *
A red film seems to cover your vision as you go berserk!
You feel yourself moving faster!
You feel mighty!
You can no longer call in reinforcements.
The wight closely misses you. You block the wight's attack.
You hit the wight but do no damage. Your headbutt misses the wight.
The wight is heavily damaged.
The wight hits you with a +4 battleaxe!
* * * LOW HITPOINT WARNING * * *
You feel drained.
* * * LOW HITPOINT WARNING * * *
The wight closely misses you.
You sock the wight!
You destroy the wight!
Trog accepts your kill. You block the wight's attack.
Things that are here:
a +4 battleaxe; a +0 robe You barely miss the wight.
You headbutt the wight!
The wight is heavily damaged.
The wight hits you with a +3 trident!
You die...

#.# ########.#
.......#.#######
....:..........#####
.#####....#........# ..##
#......##.###.###
...###....#.##.......#
.....).#.##.######.#.####
...#####.##.....@z>.....#
..## #.########.##.##.#
.## ##'## #.#..##.# ##
##...## #..#.##.# #
##.....## #.#.###.# #
##.......## #..<# #.#
####.........####...###.#
...'.........+..........#
####.........####...#####


You could see a wight.

Vanquished Creatures
  Grinder (D:6)
  A black bear (D:5)
  A centaur (D:5)
  2 scorpions (D:4)
  3 wights
  2 howler monkeys (D:5)
  2 bombardier beetles
  2 hounds
  2 orc priests
  A gnoll bouda (D:4)
  An iguana (D:4)
  3 orc wizards
  Robin (D:3)
  8 gnolls
  8 adders
  3 ufetubi (D:3)
  2 dart slugs
  4 ribbon worms
  9 orcs
  12 ball pythons
  6 endoplasms
  10 giant cockroaches
  11 goblins
  9 hobgoblins
  7 jackals
  3 quokkas
  8 bats
  4 frilled lizards
  6 kobolds
  8 rats
  A lurking horror (D:4)
141 creatures vanquished.

Notes
Turn   | Place    | Note
-------+----------+-------------------------------------------
     0 | D:1      | PhantomBowie the Minotaur Berserker began the quest for the
                  | Orb.
     0 | D:1      | Reached XP level 1. HP: 19/19 MP: 0/0
   152 | D:1      | Reached XP level 2. HP: 27/27 MP: 1/1
   310 | D:1      | Reached XP level 3. HP: 33/33 MP: 2/2
   384 | D:1      | Reached ** piety under Trog
   781 | D:2      | Reached skill level 1 in Ranged Weapons
   967 | D:2      | Reached XP level 4. HP: 20/40 MP: 3/3
  1255 | D:2      | Found a faded altar of an unknown god.
  1529 | D:3      | Noticed Robin
  1539 | D:3      | Killed Robin
  1653 | D:3      | Reached skill level 1 in Shields
  1802 | D:3      | Reached XP level 5. HP: 27/47 MP: 4/4
  2121 | D:3      | Reached *** piety under Trog
  2183 | D:3      | Identified the +0 helmet of the Arena {Regen+}
  2682 | D:4      | Reached skill level 5 in Maces & Flails
  2682 | D:4      | Reached XP level 6. HP: 13/55 MP: 5/5
  2919 | D:4      | Reached skill level 5 in Fighting
  3043 | D:4      | Found a hide-covered altar of Uskayaw.
  3076 | D:4      | Found a hazy altar of Hepliaklqana.
  3345 | D:4      | Found a corrupted altar of Lugonu.
  3435 | D:4      | Found a one-way gate to the infinite horrors of the Abyss.
  3501 | D:4      | Found a staircase to the Ecumenical Temple.
  3507 | Temple   | Entered the Ecumenical Temple
  3566 | D:4      | Reached XP level 7. HP: 33/61 MP: 6/6
  3924 | D:4      | Reached **** piety under Trog
  3999 | D:5      | Entered Level 5 of the Dungeon
  4036 | D:5      | Found a blossoming altar of Fedhas.
  4389 | D:5      | Reached skill level 5 in Armour
  5331 | D:6      | Reached skill level 5 in Dodging
  5403 | D:6      | Noticed Grinder
  5424 | D:6      | Killed Grinder
  5425 | D:6      | Reached XP level 8. HP: 22/71 MP: 7/7
  5817 | D:5      | HP: 2/84 [wight/+4 battleaxe (3)]
  5820 | D:5      | Slain by a wight

Illustrated notes

Levels and vault maps discovered:
D:1:      ebering_hopf_link, layout_basic, minmay_statues_item
D:2:      layout_basic, basic_ecumenical_altar
D:3:      layout_basic, minmay_cupped, uniq_robin
D:4:      layout_gridville, kennysheep_little_box,
          mainiacjoe_overflow_surrounded_room, minmay_temple_entry_fiery,
          gup_sewer_entry_spiral, amcnicky_altar_lugonu_corruption
D:5:      layout_loops_corners, fedhas_bush_and_centaur_altar,
          hangedman_decor_opposing
D:6:      layout_loops_corners, uniq_grinder
Temple:   minmay_temple_bridge_d

Skill      XL: |  1  2  3  4  5  6  7 |
---------------+----------------------+-----
Fighting       | 4 5 6 |  6.6
Maces & Flails | 4 5 6 |  6.6
Armour         | 3 4 5 |  5.9
Ranged Weapons | 1 |  1.0
Dodging        | 3 4 5 |  5.4
Shields        | 1 2 3 4 |  4.7

Action                     |  1- 3 |  4- 6 |  7- 9 || total
---------------------------+-------+-------+-------++-------
  Melee: Mace              |    79 |   204 |   112 ||   395
         Headbutt          |    11 |    25 |    19 ||    55
   Fire: Sling             |    12 |       |       ||    12
 Invoke: Berserk           |       |     1 |     1 ||     2
 Armour: Animal skin       |    31 |       |       ||    31
         Scale mail        |    23 |   129 |    85 ||   237
  Dodge: Dodged            |    51 |    61 |    37 ||   149
  Block: Tower shield      |    17 |   152 |   100 ||   269
